 Dungeon Crawl Stone Soup version 0.29-a0-721-g7f417c9bbb (webtiles) character file.

Game seed: 4226114962188905609

641 SkulltownNelly the Trooper (level 7, -3/56 HPs)
             Began as a Formicid Abyssal Knight on June 28, 2022.
             Was an Elder of Lugonu.
             Killed from afar by a steam dragon (11 damage)
             ... with a ball of steam
             ... on level 6 of the Dungeon.
             The game lasted 00:09:12 (4799 turns).

SkulltownNelly the Trooper (FoAK)                   Turns: 4799, Time: 00:09:12

Health: -3/56      AC: 12    Str: 26    XL:     7   Next: 81%
Magic:  10/10      EV:  8    Int:  9    God:    Lugonu [****..]
Gold:   330        SH:  0    Dex: 14    Spells: 6/6 levels left

rFire   . . .      SeeInvis +   E - +0 trident
rCold   . . .      Faith    .   (no shield)
rNeg    . . .      Spirit   .   u - +0 chain mail
rPois   .          Reflect  .   (helmet unavailable)
rElec   .          Harm     .   Q - scarf {shadows}
rCorr   .          Rampage  .   o - +0 pair of gloves
Will    .....                   P - +0 pair of boots
Stlth   ..........              g - amulet of regeneration
HPRegen 0.98/turn               S - +6 ring of strength
MPRegen 0.12/turn               L - ring of flight

@: flying
A: permanent stasis, dig shafts and tunnels, antennae 3, four strong arms
a: Dig, Shaft Self, Renounce Religion, Depart the Abyss, Bend Space, Banish,
Corrupt


You were on level 6 of the Dungeon.
You worshipped Lugonu.
Lugonu was greatly pleased with you.
You visited 1 branch of the dungeon, and saw 6 of its levels.
You visited the Abyss 1 time.

You collected 330 gold pieces.


Innate Abilities, Weirdness & Mutations

You cannot be hasted, slowed, berserked, paralysed or teleported.
You can dig through walls and to a lower floor.
You have a pair of large antennae on your head. (SInv)
Your four strong arms can wield two-handed weapons with a shield.


   Skills:
 + Level 5.4 Fighting
 + Level 4.3 Polearms
 + Level 4.7 Armour
 - Level 1.0 Dodging
 + Level 5.1 Invocations


You had 6 spell levels left.
You didn't know any spells.
Your spell library contained the following spells:

 Spells                   Type           Power      Damage    Failure   Level
 Static Discharge         Conj/Air       0%         N/A       98%         2
 Inner Flame              Hex/Fire       0%         N/A       100%        3
 Ozocubu's Armour         Ice            0%         N/A       100%        3
 Cause Fear               Hex            0%         N/A       100%        4
 Lightning Bolt           Conj/Air       0%         1d11      100%        5
 Ozocubu's Refrigeration  Ice            0%         4d5       100%        7
 Discord                  Hex            0%         N/A       100%        8
 Maxwell's Capacitive Co  Air            0%         ∞         100%        8

Inventory:

Hand Weapons
 a - a +1 spear
 E - a +0 trident (weapon)
   (You took it off an orc on level 4 of the Dungeon)
Missiles
 h - 74 stones
 i - 6 boomerangs
 s - 4 atropa-tipped darts
 A - 5 curare-tipped darts {=f}
Armour
 o - a +0 pair of gloves (worn)
   (You found it on level 1 of the Dungeon)
 u - a +0 chain mail (worn)
   (You found it on level 3 of the Dungeon)
 P - a +0 pair of boots (worn)
   (You found it on level 5 of the Dungeon)
 Q - a scarf of shadows (worn)
   (You found it on level 5 of the Dungeon)
Jewellery
 g - an amulet of regeneration (around neck)
   (You found it on level 1 of the Dungeon)
 L - a ring of flight (right hand)
   (You found it on level 3 of the Dungeon)
 S - a +6 ring of strength (left hand)
   (You found it on level 3 of the Dungeon)
Scrolls
 n - a scroll of amnesia
 p - a scroll of silence {!r}
 q - a scroll of fog
 r - a scroll of torment {!r}
 y - a scroll of immolation {!r!r}
 B - 2 scrolls of poison {!r}
Potions
 b - a potion of might {unknown}
 e - a potion of resistance {unknown}
 f - 3 potions of curing {@q1}
 m - 2 potions of flight {unknown}
 t - 2 potions of ambrosia {unknown}
 z - 3 potions of degeneration {unknown}

Dungeon Overview and Level Annotations

Branches:
Dungeon (6/15) Zot: 26799  Temple (0/1) D:5

Altars:
Dithmenos
Fedhas
Kikubaaqudgha
Uskayaw
Wu Jian
Yredelemnul

Shops:
D:4 [

Annotations:
D:4 2 transporters

#. #....#.###......#
#.##....#.....#...##
#............[...##
#.........######.#
#.......## #.#
###...### ##'##
#...# ##...## ##.##
##..D§§# #..##
#...@§§.#
##..<####.........#
#.......+.........+
##...####.........#
#..## ##.......##
#.## ##.....## ...
##...## ##.# ..#


You could see a steam dragon (catching breath).


Message History

As you read the scroll labelled VEPPUEMOADGH, it crumbles to dust.
Your body is wracked with pain!
It was a scroll of torment. 😮 HP[-26]
You take 26 damage, and now have 30/56 hp.
MASSIVE DAMAGE!! (PAUSE)
As you read the scroll labelled YBUBRO HIDGHEV, it crumbles to dust.
A profound silence engulfs you.
It was a scroll of silence. 😮 HP[+1]
You start resting.
Your hearing returns. 😕 HP[+20]
You regained 20 hp, and now have 51/56 hp.
You start resting. 😎 HP[+5]
Your hp is fully restored (56).
Unknown command.
You start waiting.
Done waiting.
Key pressed, stopping explore.
b - a pink potion You reach down and open the door.
An iguana comes into view.
The iguana hisses angrily.
You hear an angry hiss.
A steam dragon comes into view.
The steam dragon hisses angrily.
There is an open door here.
You reach to attack!
You hit the iguana. You hit the iguana. The iguana bites you! 😕 HP[-10]
You take 10 damage, and now have 46/56 hp.
You hit the iguana. The iguana barely misses you. 😕 HP[+1]
You barely miss the iguana. The iguana closely misses you. 😕 HP[+1]
You hit the iguana.
You kill the iguana!
Lugonu accepts your kill. The steam dragon breathes steam at you.
The ball of steam hits you!!
* * * LOW HITPOINT WARNING * * *
😨 HP[-22]
You take 22 damage, and now have 26/56 hp.
MASSIVE DAMAGE!! (PAUSE)
The steam dragon bites you.
* * * LOW HITPOINT WARNING * * *
The steam dragon claws you but does no damage. 😨 HP[-3]
You take 3 damage, and now have 23/56 hp.
Unknown command.
You hit the steam dragon.
The steam dragon bites you but does no damage.
The steam dragon claws you but does no damage. 😨 HP[+1]
You aren't carrying any items that you can evoke.
You barely miss the steam dragon.
The steam dragon bites you but does no damage.
The steam dragon claws you.
* * * LOW HITPOINT WARNING * * *
😨 HP[-3]
You take 3 damage, and now have 21/56 hp.
You hit the steam dragon. The steam dragon bites you.
* * * LOW HITPOINT WARNING * * *
The steam dragon claws you but does no damage. 😨 HP[-5]
You take 5 damage, and now have 16/56 hp.
It was a potion of curing.
You feel better. The steam dragon breathes steam at you.
The ball of steam misses you. 😨 HP[+9]
You regained 9 hp, and now have 25/56 hp.
You puncture the steam dragon! Your punch misses the steam dragon.
You are engulfed in a cloud of scalding steam.
* * * LOW HITPOINT WARNING * * *
The steam dragon bites you.
* * * LOW HITPOINT WARNING * * *
The steam dragon claws you.
* * * LOW HITPOINT WARNING * * *
😨 HP[-9]
You take 9 damage, and now have 16/56 hp.
Unknown command. 😨 HP[+1]
You closely miss the steam dragon. The steam dragon bites you.
* * * LOW HITPOINT WARNING * * *
The steam dragon claws you.
* * * LOW HITPOINT WARNING * * *
😨 HP[-1]
You take 1 damage, and now have 16/56 hp.
You hit the steam dragon but do no damage.
The steam dragon bites you but does no damage.
The steam dragon claws you but does no damage.
The steam dragon breathes steam at you. The ball of steam hits you!
* * * LOW HITPOINT WARNING * * *
😱 HP[-9]
You take 9 damage, and now have 7/56 hp.
Unknown command.
The steam dragon breathes steam at you. The ball of steam hits you!
You die...

Skill      XL: |  1  2  3  4  5  6  7 |
---------------+----------------------+-----
Dodging        | 1 |  1.0
Invocations    | 3 4 5 |  5.1
Fighting       | 4 5 |  5.4
Armour         | 3 4 |  4.7
Polearms       | 3 4 |  4.3

Action                   |  1- 3 |  4- 6 |  7- 9 || total
-------------------------+-------+-------+-------++-------
Melee: Spear             |    97 |   182 |       ||   279
       Punch             |     1 |     2 |     1 ||     4
       Trident           |       |     3 |    68 ||    71
Throw: Boomerang         |       |       |     3 ||     3
       Dart              |       |       |     1 ||     1
 Abil: Dig               |       |       |     1 ||     1
  Use: Scroll            |       |       |     8 ||     8
       Potion            |       |       |     1 ||     1
Armor: Leather armour    |    13 |       |       ||    13
       Ring mail         |    20 |    35 |     4 ||    59
       Chain mail        |       |       |    22 ||    22
Dodge: Dodged            |    47 |    97 |    28 ||   172

Levels and vault maps discovered:
D:1:      dpeg_arrival_oval, layout_loops_ring,
          hellmonk_ecumenical_altar_lost_god
D:2:      minmay_chambers_of_ones, layout_basic, serial_rivers,
          chequers_serial_rivers_room_b, chequers_serial_rivers_micro_d,
          chequers_serial_rivers_marsh, chequers_serial_rivers_micro_b,
          chequers_serial_rivers_micro_a, minmay_crystal_water, grunt_decor_cap,
          cheibrodos_gnoll_hut
D:3:      layout_loops_ring, grunt_temple_overflow_growth_and_decay,
          nicolae_overflow_hidden_temple, lemuel_crystal_altar,
          corexii_item_surrounded_by_moat, uniq_jessica
D:4:      gammafunk_wand_slinger, layout_basic, serial_shops,
          nicolae_shop_hallway_plus
D:5:      layout_basic, grunt_dithmenos_smoke_and_mirrors,
          minmay_temple_entry_purple_smoke
D:6:      hangedman_cross_stitches, layout_loops_corners

Notes
Turn   | Place    | Note
-------+----------+-------------------------------------------
     0 | Abyss:1  | SkulltownNelly the Formicid Abyssal Knight began the quest
                  | for the Orb.
     0 | Abyss:1  | Reached XP level 1. HP: 18/18 MP: 2/2
     0 | Abyss:1  | magus.rc [v1.11.3]
     3 | D:1      | You pass through the gate.
     3 | D:1      | Escaped the Abyss
    27 | D:1      | Reached skill level 1 in Dodging
    28 | D:1      | HP: 4/18 [bat (1)]
   334 | D:1      | Reached XP level 2. HP: 20/24 MP: 3/3
   805 | D:1      | Reached XP level 3. HP: 29/29 MP: 4/4
   810 | D:1      | Found a faded altar of an unknown god.
   945 | D:1      | Reached *** piety under Lugonu
  1285 | D:2      | Reached XP level 4. HP: 37/37 MP: 6/6
  1290 | D:2      | Reached skill level 3 in Invocations
  1352 | D:2      | Reached skill level 4 in Fighting
  1528 | D:2      | Reached skill level 3 in Armour
  2097 | D:2      | Reached XP level 5. HP: 42/42 MP: 7/7
  2314 | D:3      | Found a hide-covered altar of Uskayaw.
  2393 | D:3      | Reached skill level 3 in Polearms
  2452 | D:3      | Found an ancient bone altar of Kikubaaqudgha.
  2453 | D:3      | Found a blossoming altar of Fedhas.
  2838 | D:3      | Found an ornate altar of the Wu Jian Council.
  2840 | D:3      | Found a basalt altar of Yredelemnul.
  2925 | D:3      | Noticed Jessica
  2937 | D:3      | Killed Jessica
  3063 | D:4      | Noticed a bullfrog
  3076 | D:4      | Killed a bullfrog
  3077 | D:4      | Reached skill level 4 in Invocations
  3077 | D:4      | Reached XP level 6. HP: 34/49 MP: 7/9
  3177 | D:4      | Reached skill level 4 in Armour
  3222 | D:4      | Found a transporter.
  3283 | D:4      | You pick up a book of Hexes and begin reading...
  3283 | D:4      | You add the spells Inner Flame, Cause Fear and Discord to
                  | your library.
  3357 | D:4      | Found Pousata's Armour Boutique.
  3363 | D:4      | Reached XP level 7. HP: 55/55 MP: 10/10
  3375 | D:4      | You add the spells Ozocubu's Armour and Ozocubu's
                  | Refrigeration to your library.
  3601 | D:4      | Found a transporter.
  3631 | D:4      | Reached **** piety under Lugonu
  3634 | D:4      | Reached skill level 5 in Fighting
  3658 | D:4      | Reached skill level 4 in Polearms
  3661 | D:4      | You pick up a book of Lightning and begin reading...
  3661 | D:4      | You add the spells Static Discharge, Lightning Bolt and
                  | Maxwell's Capacitive Coupling to your library.
  3967 | D:5      | Entered Level 5 of the Dungeon
  4162 | D:5      | Found a staircase to the Ecumenical Temple.
  4376 | D:5      | Found a shadowy altar of Dithmenos.
  4576 | D:5      | Reached skill level 5 in Invocations
  4784 | D:6      | Noticed a steam dragon
  4798 | D:6      | HP: 7/56 [steam dragon/ball of steam (10)]
  4799 | D:6      | Killed from afar by a steam dragon

Vanquished Creatures
  An ogre (D:4)
  A phantom (D:5)
  A bullfrog (D:4)
  A scorpion (D:4)
  2 hounds
  Jessica (D:3)
  3 iguanas
  An orc wizard (D:4)
  A gnoll (D:2)
  7 adders
  2 worms
  A dart slug (D:4)
  5 orcs
  11 ball pythons
  8 endoplasms
  5 giant cockroaches
  2 goblins
  11 hobgoblins
  6 jackals (D:2)
  5 quokkas
  5 bats
  3 frilled lizards
  8 kobolds
  5 rats
96 creatures vanquished.

Vanquished Creatures (others)
  3 plants (D:3)
  2 withered plants (D:3)
5 creatures vanquished.

Grand Total: 101 creatures vanquished

Table legend:
 A = Non-vault XP
 B = Vault XP
 C = Vault XP percentage of total XP
 D = Non-vault monster count
 E = Vault monster count
 F = Vault count percentage of total count
                 A         B        C        D         E       F
            +---------+---------+-------+---------+---------+-------
      Total |     854 |      63 |   6.9 |      87 |       9 |   9.4
            +---------+---------+-------+---------+---------+-------
        D:1 |      40 |       0 |   0.0 |      24 |       0 |   0.0
        D:2 |      75 |      26 |  25.7 |      21 |       8 |  27.6
        D:3 |      73 |      37 |  33.6 |      14 |       1 |   6.7
        D:4 |     469 |       0 |   0.0 |      23 |       0 |   0.0
        D:5 |     158 |       0 |   0.0 |       4 |       0 |   0.0
        D:6 |      39 |       0 |   0.0 |       1 |       0 |   0.0
            +---------+---------+-------+---------+---------+-------

Illustrated notes

Table legend:
 A = Kills in this place as a percentage of kills in entire the game.
 B = Kills by you in this place as a percentage of kills by you in the entire game.
 C = Kills by friends in this place as a percentage of kills by friends in the entire game.
 D = Other kills in this place as a percentage of other kills in the entire game.
 E = Experience gained in this place as a percentage of experience gained in the entire game.
 F = Experience gained in this place divided by the number of levels of this place that you have seen.
                   A       B       C       D       E      F
               +-------+-------+-------+-------+-------+----------------------
         Total | 100.0 | 100.0 |   N/A |   N/A | 100.0 | 131.0
       Dungeon | 100.0 | 100.0 |   N/A |   N/A | 100.0 | 152.8
               +-------+-------+-------+-------+-------+----------------------

Table legend: (Time is in decaauts)
 A = Elapsed time spent in this place.
 B = Non-inter-level travel time spent in this place.
 C = Inter-level travel time spent in this place.
 D = Time resting spent in this place.
 E = Time spent auto-exploring this place.
 F = Levels seen in this place.
 G = Mean time per level.
                   A        B        C        D        E       F      G
               +--------+--------+--------+--------+--------+-----+--------+
         Total |   4796 |   4697 |     99 |    125 |   3810 |   7 |  685.1 |
       Dungeon |   4793 |   4694 |     99 |    125 |   3810 |   6 |  798.8 |
         Abyss |      3 |      3 |      0 |      0 |      0 |   1 |    3.0 |
               +--------+--------+--------+--------+--------+-----+--------+

Top non-repeatable levels by time:
     D:1: 1215 daAuts
     D:2: 971 daAuts
     D:4: 922 daAuts
     D:3: 850 daAuts
     D:5: 634 daAuts
     D:6: 199 daAuts
 Abyss:1: 3 daAuts
